 Dungeon Crawl Stone Soup version 0.21-a0-578-gc6e9d75 (webtiles) character file.

64 tidbits the Sneak (level 3, 15/15 HPs)
             Began as a Felid Transmuter on Dec 18, 2017.
             Quit the game on level 6 of the Dungeon.
             The game lasted 00:03:09 (376 turns).

tidbits the Sneak (Felid Transmuter)                 Turns: 376, Time: 00:03:10

Health: 15/15      AC:  1    Str:  6    XL:     3   Next: 91%
Magic:  7/7        EV: 18    Int: 15    God:
Gold:   36         SH:  0    Dex: 16    Spells: 0/6 levels left
                                        Lives:  0   Deaths: 1

rFire    . . .     SeeInvis +     - Unarmed
rCold    . . .     Gourm    .   (shield unavailable)
rNeg     . . .     Faith    .   (armour unavailable)
rPois    .         Spirit   .   (helmet unavailable)
rElec    .         Reflect  .   (cloak unavailable)
rCorr    .         Harm     .   (gloves unavailable)
MR       .....                  (boots unavailable)
Stlth    ++++......             (no amulet)
HPRegen  0.05/turn              (no ring)
MPRegen  0.10/turn              (no ring)

@: quick
A: very small, no armour, no weapons or thrown items, stealth, claws 1, fangs 3,
see invisible, carnivore, speed 1, shaggy fur 1, slow metabolism 1, sharp paws
a: no special abilities


You were on level 6 of the Dungeon.
You were not hungry.

You visited 1 branch of the dungeon, and saw 6 of its levels.

You collected 36 gold pieces.

Inventory:

Missiles
 a - 9 arrows
 f - 44 stones
Jewellery
 k - a +2 ring of evasion {unknown}
   (You found it on level 5 of the Dungeon)
Scrolls
 d - a scroll of fog {unknown}
 e - 4 scrolls of amnesia {unknown}
 g - a scroll of identify {unknown}
 h - a scroll of teleportation {unknown}
 j - a scroll of enchant weapon {unknown}
Potions
 i - a potion of curing {unknown}
Books
 b - a book of Changes

   Spells                             Type                      Level
   a - Beastly Appendage              Transmutation                1
   b - Sticks to Snakes               Transmutation                2
   c - Spider Form                    Transmutation/Poison         3
   d - Ice Form                       Ice/Transmutation            4
   e - Blade Hands                    Transmutation                5
Comestibles
 c - 3 rations


   Skills:
 - Level 1.0 Fighting
 - Level 2.7 Dodging
 + Level 6.6 Stealth
 - Level 3.0 Unarmed Combat
 - Level 2.0 Spellcasting
 - Level 2.2 Transmutations


You couldn't memorise any spells.
You knew the following spells:

 Your Spells              Type           Power        Failure   Level  Hunger
e - Beastly Appendage     Tmut           #.....       9%          1    #......
k - Sticks to Snakes      Tmut           #.......     13%         2    ###....
p - Spider Form           Tmut/Pois      #.........   38%         3    ###....


Dungeon Overview and Level Annotations

Branches:
Dungeon (6/15)
 Temple: D:4-7

Altars:

Shops:
D:6 %


Innate Abilities, Weirdness & Mutations

You cannot wear armour.
You are incapable of wielding weapons or throwing items.
Your paws allow you to move quietly. (Stealth)
You have sharp claws.
You have razor-sharp teeth.
You have supernaturally acute eyesight. (SInv)
You are carnivorous and can eat meat at any time.
You cover ground quickly.
You are covered in fur. (AC +1)
You have a slow metabolism.
Your sharp claws are effective at attacking unaware monsters.


Message History

You kill the ball python!
f - 44 stones (gained 14)
Your horns disappear.
j - a scroll labeled WEHEPU IFFO
Found a stone staircase leading down.
Found an onyx ring.
A jelly comes into view.
You see here an onyx ring.
The jelly quivers.
The jelly completely misses you.
You see here an onyx ring.
k - an onyx ring
Found 10 gold pieces.
There is a stone staircase leading down here.
You climb downwards.
You hear the sound of rushing water.
There is an entrance to a sewer on this level.
Hurry and find it before the portal rusts away!
A worker ant comes into view.
Found a shield and an iron wand.
Found Zaetota's Food Boutique.
There is a stone staircase leading up here.
Casting: Beastly Appendage
Confirm with . or Enter, or press ? or * to list all spells.
You create a snake!
You now have 9 arrows.
Casting: Sticks to Snakes
Confirm with . or Enter, or press ? or * to list all spells.
You grow a pair of large bovine horns.
Your transformation is almost over.
Found a mace.
Found 11 gold pieces.
Found a bone ring.
Found a papyrus book.
An orc and a centaur come into view.
You pounce on the unaware helpless worker ant!
You claw the worker ant! You headbutt the worker ant.
You kill the worker ant!
Your Stealth skill increases to level 4!
A gnoll comes into view. It is wielding a spear.
A bullfrog comes into view.
The helpless centaur fails to defend itself.
You claw the centaur! Your headbutt misses the centaur.
The centaur is heavily wounded.
The centaur barely misses you.
Casting: Beastly Appendage
Confirm with . or Enter, or press ? or * to list all spells.
Your horns disappear.
You turn into a venomous arachnid creature.
The centaur closely misses you. The centaur hits you!
* * * LOW HITPOINT WARNING * * *
Your ball python bites the centaur but does no damage.
You hit the centaur but do no damage.
The centaur is heavily wounded.
The centaur barely misses you.
Your ball python bites the centaur.
You hit the centaur but do no damage.
The centaur is poisoned.
The centaur is severely wounded.
The centaur misses you.
Your ball python bites the centaur but does no damage.
The centaur closely misses your ball python.
You hit the centaur.
You kill the centaur!
Your Stealth skill gained 2 levels and is now at level 6!
You have reached level 4!
Extra life!
Your transformation is almost over.
The bullfrog misses you.
You hit the bullfrog.
The bullfrog is lightly wounded.
Your ball python closely misses the bullfrog.
Your ball python barely misses the bullfrog.
The bullfrog closely misses you.
Your ball python closely misses the bullfrog.
Your ball python barely misses the bullfrog.
Your ball python closely misses the bullfrog.
Your ball python barely misses the bullfrog.
The bullfrog misses you.
Things that are here:
a shortbow; 22 arrows Your ball python barely misses the bullfrog. x2
The bullfrog completely misses you.
You see here a shield.
You barely miss the bullfrog.
The bullfrog is lightly wounded.
Your ball python bites the bullfrog.
Your ball python closely misses the bullfrog.
The gnoll closely misses your ball python.
The bullfrog hits you but does no damage.
You hit the bullfrog but do no damage.
The bullfrog is poisoned.
The bullfrog is lightly wounded.
Your ball python bites the bullfrog.
Your ball python closely misses the bullfrog.
The bullfrog closely misses you.
The gnoll barely misses your ball python.
The bullfrog hits you!
You die...
Your shape twists and changes as you die.
Your ball python bites the bullfrog.
Your ball python barely misses the bullfrog.
You are now level 3!
Your transformation has ended.
You rejoin the land of the living...
Are you sure you want to abandon this character and quit the game? (Confirm with "yes".)

..########/......#
. ...##...#
#...##...#
##$.##...#
.##....# ≈# ....#
##...# #....#
#.@..# #....#
######


There were no monsters in sight!

Vanquished Creatures
  A centaur (D:6)
  A worker ant (D:6)
  2 adders (D:2)
  A ball python (D:5)
  A giant cockroach (D:1)
  A goblin (D:3)
  A hobgoblin (D:2)
  2 jackals (D:3)
  A frilled lizard (D:1)
  3 kobolds
  A quokka skeleton (D:4)
  A rat (D:1)
16 creatures vanquished.

Vanquished Creatures (collateral kills)
  A jackal (D:3)
1 creature vanquished.

Grand Total: 17 creatures vanquished

Notes
Turn   | Place    | Note
-------+----------+-------------------------------------------
     0 | D:1      | tidbits the Felid Transmuter began the quest for the Orb.
     0 | D:1      | Reached XP level 1. HP: 9/9 MP: 4/4
    93 | D:1      | Reached skill level 1 in Stealth
   139 | D:2      | Reached skill level 2 in Stealth
   139 | D:2      | Reached XP level 2. HP: 9/12 MP: 4/6
   143 | D:2      | Learned a level 2 spell: Sticks to Snakes
   162 | D:2      | Reached skill level 3 in Stealth
   241 | D:3      | Reached XP level 3. HP: 11/15 MP: 4/7
   250 | D:3      | Learned a level 3 spell: Spider Form
   309 | D:5      | Entered Level 5 of the Dungeon
   351 | D:6      | Found Zaetota's Food Boutique.
   362 | D:6      | Noticed a centaur
   363 | D:6      | Reached skill level 4 in Stealth
   365 | D:6      | Noticed a bullfrog
   369 | D:6      | Killed a centaur
   369 | D:6      | Reached skill level 6 in Stealth
   369 | D:6      | Reached XP level 4. HP: 7/19 MP: 2/8
   375 | D:6      | Slain by a bullfrog
   376 | D:6      | Reached XP level 3. HP: 0/15 MP: 3/7
   376 | D:6      | Quit the game

Vault maps used:
D:1:      dpeg_arrival_rooms_c
D:2:      nemelex_diamond_rough_becter, uniq_robin, uniq_natasha, uniq_terence
D:3:      minmay_misc_feat_pillars
D:4:      first_ration, grunt_ministairs_10, minmay_gold_behind_fungi,
          grunt_qazlal_clouds
D:5:      lemuel_doored_altar, tgw_trog
D:6:      okawaru_altar_gauntlet_db, serial_shops, shop_statue,
          gup_sewer_entry_pipe, minmay_curled_crystal

Skill      XL: |  1  2  3 |
---------------+----------+-----
Stealth        | 2 3 6 |  6.6
Fighting       | |  1.0
Dodging        | |  2.7
Unarmed Combat | |  3.0
Spellcasting   | |  2.0
Transmutations | |  2.2

Action                   |  1- 3 |  4- 6 || total
-------------------------+-------+-------++-------
Melee: Unarmed           |    41 |     3 ||    44
       Headbutt          |     4 |       ||     4
       Bite              |     2 |       ||     2
 Cast: Beastly Appendage |     9 |       ||     9
       Sticks to Snakes  |     3 |       ||     3
       Spider Form       |     1 |       ||     1
  Use: Potion            |     1 |       ||     1
 Stab: Sleeping          |     4 |       ||     4
Armor: Skin              |     2 |     1 ||     3
Dodge: Dodged            |    32 |     5 ||    37

Table legend:
 A = Spawn XP
 B = Non-spawn XP
 C = Spawn XP percentage of total XP
 D = Spawn monster count
 E = Non-spawn monster count
 F = Spawn count percentage of total count
 G = Total turns spent on level
                    A         B        C        D         E        F      G
               +---------+---------+-------+---------+---------+-------+---------
         Total |       0 |     188 |   0.0 |       0 |      17 |   0.0 |   376
               +---------+---------+-------+---------+---------+-------+---------
           D:1 |       0 |       7 |   0.0 |       0 |       5 |   0.0 |   122
           D:2 |       0 |      28 |   0.0 |       0 |       3 |   0.0 |    67
           D:3 |       0 |       9 |   0.0 |       0 |       5 |   0.0 |    79
           D:4 |       0 |       1 |   0.0 |       0 |       1 |   0.0 |    41
           D:5 |       0 |       2 |   0.0 |       0 |       1 |   0.0 |    42
           D:6 |       0 |     141 |   0.0 |       0 |       2 |   0.0 |    25
               +---------+---------+-------+---------+---------+-------+---------

Table legend:
 A = Turns spent in this place as a percentage of turns spent in the entire game.
 B = Non-inter-level travel turns spent in this place as a percentage of non-inter-level travel turns spent in the entire game.
 C = Inter-level travel turns spent in this place as a percentage of turns spent in this place.
 D = Turns resting spent in this place as a percentage of non-inter-level travel turns spent in this place.
 E = Turns spent auto-exploring this place as a percentage of non-inter-level travel turns spent in this place.
 F = Non-inter-level travel turns spent in this place divided by the number of levels of this place that you've seen.
                   A       B       C       D       E      F
               +-------+-------+-------+-------+-------+----------------------
         Total | 100.0 | 100.0 |   0.0 |   0.0 |   0.0 |  62.7
       Dungeon | 100.0 | 100.0 |   0.0 |   0.0 |   0.0 |  62.7
               +-------+-------+-------+-------+-------+----------------------

Table legend:
 A = Kills in this place as a percentage of kills in entire the game.
 B = Kills by you in this place as a percentage of kills by you in the entire game.
 C = Kills by friends in this place as a percentage of kills by friends in the entire game.
 D = Other kills in this place as a percentage of other kills in the entire game.
 E = Experience gained in this place as a percentage of experience gained in the entire game.
 F = Experience gained in this place divided by the number of levels of this place that you have seen.
                   A       B       C       D       E      F
               +-------+-------+-------+-------+-------+----------------------
         Total | 100.0 | 100.0 | 100.0 |   N/A | 100.0 |  31.3
       Dungeon | 100.0 | 100.0 | 100.0 |   N/A | 100.0 |  31.3
               +-------+-------+-------+-------+-------+----------------------

Vault maps used:
D:1:      dpeg_arrival_rooms_c
D:2:      nemelex_diamond_rough_becter, uniq_robin, uniq_natasha, uniq_terence
D:3:      minmay_misc_feat_pillars
D:4:      first_ration, grunt_ministairs_10, minmay_gold_behind_fungi,
          grunt_qazlal_clouds
D:5:      lemuel_doored_altar, tgw_trog
D:6:      okawaru_altar_gauntlet_db, serial_shops, shop_statue,
          gup_sewer_entry_pipe, minmay_curled_crystal
